 Dungeon Crawl Stone Soup version 0.15.1-3-g1b33baa (webtiles) character file.

125 CrazyArbalest the Shield-Bearer (level 5, -1/36 HPs)
             Began as a Halfling Fighter on Oct 6, 2014.
             Was a Follower of Makhleb.
             Slain by Natasha (2 damage)
             ... on Level 3 of the Dungeon.
             The game lasted 00:11:05 (1751 turns).

CrazyArbalest the Shield-Bearer (Halfling Fighter)  Turns: 1751, Time: 00:11:06

HP  -1/36        AC  8     Str 16      XL: 5   Next: 30%
MP   5/5         EV 10     Int  7      God: Makhleb [*.....]
Gold 111         SH  6     Dex 15      Spells:  0 memorised,  4 levels left

rFire  . . .     SeeInvis .     a - +0 cutlass
rCold  . . .     Clarity  .     q - +0 scale mail
rNeg   . . .     rCorr    .     c - +0 buckler
rPois  .         rRot     .     (no helmet)
rElec  .         Spirit   .     (no cloak)
SustAb .         Warding  .     s - +0 pair of gloves
rMut   .         Stasis   .     (no boots)
Gourm  .                        (no amulet)
MR     .....                    (no ring)
                                (no ring)

@: slowed, very slow, not resistant to hostile enchantments, extremely
unstealthy
A: mutation resistance 1
a: Renounce Religion


You were on level 3 of the Dungeon.
You worshipped Makhleb.
Makhleb was aware of your devotion.
You were not hungry.

You visited 1 branch of the dungeon, and saw 3 of its levels.

You collected 111 gold pieces.

Inventory:

Hand weapons
 a - a +0 cutlass (weapon)
 b - a +0 hunting sling
 l - a +2 whip of distortion
 r - a +0 hunting sling
Missiles
 h - 90 stones (quivered)
 t - 13 sling bullets
Armour
 c - a +0 buckler (worn)
 i - a +0 ring mail
 q - a +0 scale mail (worn)
 s - a +0 pair of gloves (worn)
Comestibles
 d - 2 bread rations
 k - a rotting chunk of rat flesh
 p - a slice of pizza
Scrolls
 f - a scroll of enchant weapon {unknown}
 g - a scroll of identify {unknown}
 j - 3 scrolls of remove curse {unknown}
 o - a scroll of magic mapping {unknown}
Jewellery
 n - a +3 ring of protection {unknown}
Potions
 e - a potion of might
 m - a potion of magic {unknown}


   Skills:
 + Level 3.6 Fighting
 + Level 3.2 Short Blades
 * Level 0.4 Slings
 + Level 4.1 Armour
 + Level 1.4 Dodging
 + Level 0.2 Stealth
 + Level 4.1 Shields


You had 4 spell levels left.
You didn't know any spells.

Dungeon Overview and Level Annotations

Branches:
Dungeon (3/15)

Altars:
Makhleb

Annotations:
D:3 Natasha, Sigmund


Innate Abilities, Weirdness & Mutations

You are small and have problems with some larger weapons.
You are somewhat resistant to further mutation.


Message History

Natasha is severely wounded.
You block the shadow imp's attack.
Natasha stares at you and mumbles some strange words.
The magic dart hits you! The shadow imp barely misses you.
You block Natasha's attack.
You hit Natasha but do no damage.
Natasha is severely wounded.
The shadow imp hits you but does no damage.
Natasha stares at you and mumbles some strange words.
The magic dart hits you!
* * * LOW HITPOINT WARNING * * *
The shadow imp completely misses you.
You hit Natasha but do no damage.
Natasha is severely wounded.
The crimson imp disappears in a puff of smoke!
Natasha stares at you.
You feel disoriented. Natasha barely misses you.
The shadow imp closely misses you. Natasha claws you.
You die...

# ...
......#########
......ยง(.(.(>h#
g.....#.#####@#
... #.#####5# .
#.#.......##
...........#
.......#.#.#
.#.#..#...#
##.#. #...# .#.
#...#
.######...##


You could see Natasha and a shadow imp.

Vanquished Creatures
  A hound (D:2)
  4 adders
  A worm (D:2)
  2 giant geckos
  9 bats
  6 goblins
  5 hobgoblins
  6 jackals
  A quokka (D:2)
  A ball python (D:1)
  3 giant newts
  7 kobolds
  14 rats
60 creatures vanquished.

Notes
Turn   | Place    | Note
--------------------------------------------------------------
     0 | D:1      | CrazyArbalest, the Halfling Fighter, began the quest for the Orb.
     0 | D:1      | Reached XP level 1. HP: 15/15 MP: 1/1
   134 | D:1      | Reached XP level 2. HP: 20/20 MP: 2/2
   507 | D:1      | Reached XP level 3. HP: 26/26 MP: 3/3
   779 | D:2      | Reached XP level 4. HP: 22/31 MP: 4/4
  1051 | D:2      | Found a burning altar of Makhleb.
  1065 | D:2      | Became a worshipper of Makhleb the Destroyer
  1239 | D:2      | Reached skill level 1 in Dodging
  1507 | D:3      | Noticed Sigmund
  1580 | D:3      | Reached skill level 4 in Armour
  1580 | D:3      | Reached XP level 5. HP: 32/36 MP: 5/5
  1636 | D:3      | Acquired Makhleb's first power
  1724 | D:3      | Noticed Natasha
  1750 | D:3      | HP: 1/36 [Natasha/magic dart (4)]
  1751 | D:3      | Slain by Natasha

Action                   |  1- 3 |  4- 6 || total
-------------------------+-------+-------++-------
Melee: Cutlass           |    86 |   134 ||   220
 Fire: Hunting sling     |       |    10 ||    10
  Eat: Chunk             |       |     3 ||     3
